 Dungeon Crawl Stone Soup version 0.27.1 (webtiles) character file.

Game seed: 17771702115774186558

4 MajorAdolf the Chopper (level 1, -2/21 HPs)
             Began as a Naga Wanderer on Aug 23, 2021.
             Slain by a quokka (4 damage)
             ... on level 1 of the Dungeon.
             The game lasted 00:00:17 (114 turns).

MajorAdolf the Chopper (Naga Wanderer)               Turns: 114, Time: 00:00:17

Health: -2/21      AC:  1    Str: 15    XL:     1   Next: 70%
Magic:  1/1        EV:  9    Int:  9    God:
Gold:   10         SH:  0    Dex: 12    Spells: 0/0 levels left

rFire    . . .     SeeInvis +   a - +2 hand axe
rCold    . . .     Faith    .   (no shield)
rNeg     . . .     Spirit   .   d - +0 robe
rPois    +         Reflect  .   (no helmet)
rElec    .         Harm     .   (no cloak)
rCorr    .         Rampage  .   (no gloves)
Will     .....                  (no barding)
Stlth    ++........             (no amulet)
HPRegen  0.07/turn              (no ring)
MPRegen  0.07/turn              (no ring)

@: very slow
A: AC +0, large, see invisible, deformed body, poison resistance, slowness 2,
spit poison 1, naga tail 1
a: Spit Poison


You were on level 1 of the Dungeon.
You visited 1 branch of the dungeon, and saw 1 of its levels.

You collected 10 gold pieces.

Inventory:

Hand Weapons
 a - a +2 hand axe (weapon)
 b - a +0 mace
Armour
 d - a +0 robe (worn)
Potions
 c - a potion of curing


   Skills:
 - Level 3.0 Fighting
 - Level 3.0 Axes
 - Level 1.0 Bows
 - Level 1.0 Armour
 + Level 2.1 Stealth
 - Level 1.5 Shields


You couldn't memorise any spells.
You didn't know any spells.
Your spell library was empty.

Dungeon Overview and Level Annotations

Branches:
Dungeon (1/15)

Altars:


Innate Abilities, Weirdness & Mutations

Your serpentine skin is tough. (AC +0)
You have supernaturally acute eyesight. (SInv)
Armour fits poorly on your strangely shaped body.
Your system is resistant to poisons. (rPois)
You cover ground very slowly.
You can spit poison.
You have a snake-like lower body.


Message History

The rat closely misses you.
You hit the rat.
You kill the rat!
You barely miss the frilled lizard. The frilled lizard bites you.
The quokka bites you.
You closely miss the frilled lizard. You miss the quokka.
The frilled lizard closely misses you. The quokka bites you.
You are too injured to fight recklessly!
You are too injured to fight recklessly!
Unknown command.
You are too injured to fight recklessly!
Unknown command.
You hit the dart slug.
The dart slug is heavily wounded.
You barely miss the quokka. You closely miss the frilled lizard.
The frilled lizard closely misses you. The quokka bites you.
* * * LOW HITPOINT WARNING * * *
The dart slug closely misses you.
Unknown command.
You hit the dart slug.
The dart slug is severely wounded.
You hit the frilled lizard. You hit the quokka. The quokka closely misses you.
The frilled lizard bites you.
* * * LOW HITPOINT WARNING * * *
The quokka barely misses you.
Unknown command.
Unknown command.
You hit the dart slug.
The dart slug is severely wounded.
You hit the quokka but do no damage. You hit the frilled lizard.
You kill the frilled lizard!
The dart slug bites you.
* * * LOW HITPOINT WARNING * * *
The quokka barely misses you.
Your Stealth skill increases to level 2!
Unknown command.
You slash the dart slug!
You kill the dart slug!
You hit the quokka. The quokka bites you.
You die...

..∩..♣.....∩..### #..####
..............#...###.#...
.............## #....<....
..8..8..∩..∩.# #...#.###.
.............# #####..
........(....# #..#
..∩..∩.$♣.._.# ...#
...........#.# .###
#........@...# .
..........r#.# ##
.#....##.....# .###.
........ #............
#........$.. ...#.....#..
.............


You could see a quokka.

Vanquished Creatures
  A dart slug (D:1)
  A goblin (D:1)
  A kobold (D:1)
  2 frilled lizards (D:1)
  A rat (D:1)
6 creatures vanquished.

Notes
Turn   | Place    | Note
-------+----------+-------------------------------------------
     0 | D:1      | MajorAdolf the Naga Wanderer began the quest for the Orb.
     0 | D:1      | MajorAdolf set off with the following items: a +2 hand axe,
                  | a +0 mace, a potion of curing, a +0 robe
     0 | D:1      | Reached XP level 1. HP: 21/21 MP: 1/1
    37 | D:1      | Reached skill level 1 in Stealth
    96 | D:1      | Found a faded altar of an unknown god.
   114 | D:1      | Slain by a quokka

Illustrated notes

Levels and vault maps discovered:
D:1:      psy_arrival_radial01, layout_rooms,
          hellmonk_ecumenical_altar_arch_garden, minivault_24

Skill      XL: |  1 |
---------------+----+-----
Stealth        | 2 |  2.1
Fighting       | |  3.0
Axes           | |  3.0
Bows           | |  1.0
Armour         | |  1.0
Shields        | |  1.5

Action                   || total
-------------------------++-------
Melee: Hand axe          ||    14
 Abil: Spit Poison       ||     1
Armor: Robe              ||     1
Dodge: Dodged            ||     9
